 Dungeon Crawl Stone Soup version 0.28.0-53-g5a82cb258f (webtiles) character file.

Game seed: 4278803482510992335

191 Stomo the Ducker (level 5, 0/41 HPs)
             Began as a Demonspawn Gladiator on July 4, 2022.
             Slain by a wyvern zombie (11 damage)
             ... in an ossuary.
             The game lasted 00:03:07 (4259 turns).

Stomo the Ducker (Demonspawn Gladiator)             Turns: 4259, Time: 00:03:08

Health: 0/41       AC: 11    Str: 16    XL:     5   Next: 42%
Magic:  5/5        EV: 13    Int:  9    God:
Gold:   196        SH:  0    Dex: 15    Spells: 4/4 levels left

rFire   . . .      SeeInvis .   a - +0 rapier
rCold   . . .      Faith    .   (no shield)
rNeg    . . .      Spirit   .   b - +0 leather armour
rPois   .          Reflect  .   c - +0 helmet
rElec   .          Harm     .   (no cloak)
rCorr   .          Rampage  .   (no gloves)
Will    .....                   o - +0 pair of boots
Stlth   +.........              (no amulet)
HPRegen 0.13/turn               (no ring)
MPRegen 0.09/turn               (no ring)

@: sanguine armoured
A: spiny 1, sanguine armour 1
a: no special abilities


You were in an ossuary.
You visited 1 branch of the dungeon, and saw 4 of its levels.
You also visited: Ossuary.

You collected 196 gold pieces.

Inventory:

Hand Weapons
 a - a +0 rapier (weapon)
Missiles
 d - 3 throwing nets (quivered)
Armour
 b - a +0 leather armour (worn)
 c - a +0 helmet (worn)
 o - a +0 pair of boots (worn)
Scrolls
 g - 2 scrolls of enchant weapon {unknown}
 h - a scroll of fear {unknown}
 i - a scroll of noise {unknown}
 j - a scroll of magic mapping {unknown}
 l - a scroll of amnesia {unknown}
 m - a scroll of blinking {unknown}
 n - a scroll of fog {unknown}
Potions
 e - a potion of resistance {unknown}
 f - a potion of curing {unknown}
 k - a potion of heal wounds {unknown}


   Skills:
 + Level 3.2 Fighting
 + Level 3.6 Short Blades
 - Level 1.7 Throwing
 + Level 2.1 Armour
 + Level 3.7 Dodging


You had 4 spell levels left.
You didn't know any spells.
Your spell library contained the following spells:

 Spells                   Type           Power      Damage    Failure   Level
 Static Discharge         Conj/Air       0%         N/A       58%         2
 Dispel Undead            Necr           0%         3d6       99%         4
 Sticky Flame             Conj/Fire      0%         2d3       99%         4


Dungeon Overview and Level Annotations

Branches:
Dungeon (4/15)            Ossuary (1/1)
 Temple: D:4-7

Altars:
Trog


Innate Abilities, Weirdness & Mutations

You are partially covered in sharp spines.
When seriously injured, your blood forms armour. (AC +6)


Message History

The bullfrog zombie closely misses you. x2; The bullfrog zombie misses you.
You barely miss the mummy. The bullfrog zombie misses you.
You puncture the mummy!
The mummy is moderately damaged.
The bullfrog zombie is struck by your spines.
The bullfrog zombie closely misses you.
You puncture the mummy!
The mummy is severely damaged.
The bullfrog zombie is struck by your spines.
The bullfrog zombie barely misses you. The mummy barely misses you.
The bullfrog zombie is struck by your spines.
The bullfrog zombie closely misses you.
You hit the mummy.
You destroy the mummy!
The bullfrog zombie barely misses you.
You hit the bullfrog zombie.
You destroy the bullfrog zombie!
The bullfrog zombie is struck by your spines.
The bullfrog zombie hits you. The bullfrog zombie closely misses you.
You hit the wyvern zombie.
The wyvern zombie is lightly damaged.
The wyvern zombie barely misses you.
The bullfrog zombie is struck by your spines.
The bullfrog zombie hits you.
The wyvern zombie is struck by your spines.
The wyvern zombie closely misses you.
You barely miss the bullfrog zombie.
The bullfrog zombie is heavily damaged.
The bullfrog zombie hits you. The wyvern zombie bites you!
Your blood congeals into armour.
You hit the bullfrog zombie.
The bullfrog zombie is severely damaged.
The bullfrog zombie hits you. The wyvern zombie bites you.
* * * LOW HITPOINT WARNING * * *
The bullfrog zombie hits you but does no damage.
Unknown command.
You completely miss the bullfrog zombie.
The bullfrog zombie is severely damaged.
The wyvern zombie bites you!
You die...

#### #.#.
###+#'#Z#+#+#.≈.
#.'....Z@......≈
###.##'##+##≈##.
+.#...# #.#.∩.#
+Z#..∩# #.#####
'. #.


You could see a bullfrog zombie and a wyvern zombie.

Vanquished Creatures
  A bullfrog zombie (Ossuary)
  An orc priest (D:3)
  2 mummies (Ossuary)
  2 adders
  A white imp (D:4)
  2 dart slugs (D:3)
  7 orcs
  7 endoplasms
  6 giant cockroaches
  7 goblins
  9 hobgoblins
  4 jackals (D:1)
  A quokka (D:1)
  4 bats
  6 kobolds
  2 rats
62 creatures vanquished.

Vanquished Creatures (others)
  4 plants (D:2)
  2 withered plants (D:2)
6 creatures vanquished.

Grand Total: 68 creatures vanquished

Notes
Turn   | Place    | Note
-------+----------+-------------------------------------------
     0 | D:1      | Stomo the Demonspawn Gladiator began the quest for the Orb.
     0 | D:1      | Reached XP level 1. HP: 16/16 MP: 1/1
   457 | D:1      | Gained mutation: You are partially covered in sharp spines.
                  | [demonic ancestry]
   457 | D:1      | Reached XP level 2. HP: 13/22 MP: 2/2
   774 | D:1      | Reached skill level 1 in Armour
  1240 | D:2      | Reached XP level 3. HP: 27/28 MP: 3/3
  1457 | D:2      | Found a faded altar of an unknown god.
  2857 | D:3      | Reached XP level 4. HP: 5/34 MP: 4/4
  3305 | D:3      | Found a bloodstained altar of Trog.
  4210 | D:4      | Found a sand-covered staircase.
  4225 | Ossuary  | Entered an ossuary
  4245 | Ossuary  | Gained mutation: When seriously injured, your blood forms
                  | armour. (AC +6) [demonic ancestry]
  4245 | Ossuary  | Reached XP level 5. HP: 40/41 MP: 5/5
  4259 | Ossuary  | Slain by a wyvern zombie

Illustrated notes

Levels and vault maps discovered:
D:1:      dpeg_arrival_round_a, layout_basic
D:2:      cheibrodos_greedy_goblins, layout_basic,
          shapermc_ecumenical_altar_flowoftime, chequers_serial_rivers_small_b
D:3:      layout_basic, bloody_trog
D:4:      minmay_clustersquares, layout_loops_corners,
          nicolae_ossuary_entry_ruins, hangedman_decor_lopped,
          minmay_manual_mandibuliform
Ossuary:  ossuary_zaba_flooded

Skill      XL: |  1  2  3  4 |
---------------+-------------+-----
Dodging        | 3 |  3.7
Short Blades   | 3 |  3.6
Armour         | 1 2 |  2.1
Fighting       | 3 |  3.2
Throwing       | |  1.7

Action                   |  1- 3 |  4- 6 || total
-------------------------+-------+-------++-------
Melee: Rapier            |   151 |    52 ||   203
       Punch             |     2 |     1 ||     3
 Stab: Sleeping          |     3 |       ||     3
Armor: Leather armour    |    34 |    13 ||    47
Dodge: Dodged            |    57 |    32 ||    89
